 Dungeon Crawl Stone Soup version 0.30-a0-946-gec5dcfc036 (webtiles) character file.

Game seed: 6081034020045820787

5609 MrClown the Fighter (level 10, 0/120 (138) HPs)
             Began as a Demonspawn Necromancer on Mar 25, 2023.
             Was a Priest of Kikubaaqudgha.
             Slain by a hell rat (9 damage)
             ... on level 9 of the Dungeon on Mar 26, 2023.
             The game lasted 00:55:34 (7349 turns).

MrClown the Fighter (Demonspawn Necromancer)        Turns: 7349, Time: 00:55:35

HP:   0/120 (138)   AC: 25    Str:  9    XL:     10   Next: 45%
MP:   16/17         EV:  2    Int: 21    God:    Kikubaaqudgha [***...]
Gold: 472           SH:  0    Dex: 13    Spells: 6/19 levels left

rFire   . . .      SeeInvis .    t - +4 scimitar
rCold   . . .      Faith    .    (no shield)
rNeg    . . .      Spirit   .    a - melded +0 robe
rPois   +          Reflect  .    (helmet currently unavailable)
rElec   .          Rampage  .    D - melded +1 cloak
rCorr   .          NoTele   +    (gloves currently unavailable)
Will    .....                    g - melded +0 pair of boots
Stlth   ++                       x - amulet of regeneration
HPRegen 1.20/turn                p - ring of poison resistance
MPRegen 0.30/turn                (no ring)

@: mighty, tree-form, heavily drained
A: stationary, stasis, torment immunity, boosted hp, (horns 2), repulsion field
1, (spiny 1), magic regeneration
a: Renounce Religion, Unearth Wretches


You were on level 9 of the Dungeon.
You worshipped Kikubaaqudgha.
Kikubaaqudgha was most pleased with you.
You were a tree.
You visited 2 branches of the dungeon, and saw 10 of its levels.

You collected 472 gold pieces.

Inventory:

Hand Weapons
 c - a +5 trident of freezing
 e - a +0 dagger
 h - a +5 war axe
 q - a +1 war axe
 t - a +4 scimitar (weapon)
 u - a +0 lajatang
 y - a +3 flail
Armour
 a - a +0 robe (melded)
 g - a +0 pair of boots (melded)
 D - a +1 cloak (melded)
Jewellery
 p - a ring of poison resistance (left branch)
 x - an amulet of regeneration (around neck)
 B - a ring of ice
Wands
 b - a wand of mindburst (6)
 j - a wand of paralysis (12)
 w - a wand of polymorph (8)
 C - a wand of digging (3)
Scrolls
 d - a scroll of torment
 l - a scroll of silence
 r - 2 scrolls of fear
 s - 2 scrolls of blinking
 A - a scroll of immolation {unknown}
Potions
 f - a potion of might
 i - 4 potions of attraction
 k - 6 potions of brilliance
 n - 2 potions of lignification
 o - a potion of flight
 v - a potion of haste
 z - a potion of resistance


   Skills:
 + Level 13.0 Fighting
 - Level 1.7 Dodging
 - Level 1.7 Stealth
 - Level 5.0 Spellcasting
 - Level 9.0 Necromancy


You had 6 spell levels left.
You knew the following spells:

 Your Spells              Type           Power      Damage    Failure   Level
a - Necrotise             Necr           100%       1d9       1%          1
b - Vampiric Draining     Necr           43%        2d9       1%          3
c - Animate Dead          Necr           43%        N/A       2%          4
d - Agony                 Necr           43%        N/A       8%          5

Your spell library contained the following spells:

 Spells                   Type           Power      Damage    Failure   Level
 Kiss of Death            Conj/Necr      96%        2d12      1%          1
 Sublimation of Blood     Necr           43%        N/A       1%          2
 Dispel Undead            Necr           43%        3d17      2%          4
 Sandblast                Erth           10%        2d5       11%         1
 Slow                     Hex            20%        N/A       11%         1
 Passwall                 Tmut/Erth      4%         N/A       16%         2
 Scorch                   Fire           10%        2d5       16%         2
 Confusing Touch          Hex            5%         N/A       32%         3
 Portal Projectile        Hex/Tloc       10%        N/A       32%         3
 Stone Arrow              Conj/Erth      10%        3d7       32%         3
 Tukima's Dance           Hex            5%         N/A       32%         3
 Death Channel            Necr           21%        N/A       38%         6
 Flame Wave               Conj/Fire      5%         2d5       71%         4
 Passage of Golubria      Tloc           5%         N/A       71%         4
 Simulacrum               Ice/Necr       12%        N/A       95%         6
 Blade Hands              Tmut           2%         N/A       96%         5
 Yara's Violent Unravell  Hex/Tmut       2%         3d3       96%         5
 Summon Cactus Giant      Summ           2%         N/A       100%        6


Dungeon Overview and Level Annotations

Branches:
Dungeon (9/15)             Temple (1/1) D:6             Orc (0/2) D:9
   Lair: D:8-11

Altars:
Ashenzari
Fedhas
Kikubaaqudgha
Nemelex Xobeh
Ru
Sif Muna
Uskayaw
Vehumet
Xom
Yredelemnul

Shops:
D:8 ?   D:9 *

Annotations:
D:3 1 runed translucent door, Sermion's ghost, amateur HOFi


Innate Abilities, Weirdness & Mutations

You are a tree.
Your roots penetrate the ground, keeping you stationary.
You cannot be teleported.
You are immune to unholy pain and torment.
Your maximum health is greatly increased.
Your equipment is partially melded.
((You have a pair of horns on your head.))
You are surrounded by a mild repulsion field. (EV +2)
((You are partially covered in sharp spines.))
You regenerate magic rapidly.


Message History

* * * LOW HITPOINT WARNING * * *
You feel drained.
* * * LOW HITPOINT WARNING * * *
The hell rat barely misses you.
The hell rat bites you but does no damage.
The shadow hits you.
* * * LOW HITPOINT WARNING * * *
A quokka comes into view.
The shadow hits you. The phantom hits you.
* * * LOW HITPOINT WARNING * * *
Okay, then.
Welcome back, MrClown the Demonspawn Necromancer.
Kikubaaqudgha says: Spread unending torment and darkness!
Press ? for a list of commands and other information.
You feel better.
The hell rat bites you but does no damage.
The hell rat completely misses you. The shadow barely misses you.
The phantom hits you but does no damage.
The shadow hits you.
The orc zombie hits you but does no damage.
You feel better.
The hell rat bites you but does no damage. x2
The shadow hits you!
* * * LOW HITPOINT WARNING * * *
The phantom hits you but does no damage.
The shadow hits you. The hell rat bites you.
* * * LOW HITPOINT WARNING * * *
You feel drained.
* * * LOW HITPOINT WARNING * * *
The orc zombie hits you but does no damage.
You slash the orc zombie!
You destroy the orc zombie!
Kikubaaqudgha accepts your kill. The hell rat completely misses you.
The shadow hits you. x2
* * * LOW HITPOINT WARNING * * *
A death yak comes into view.
The phantom hits you but does no damage.
The hell rat bites you!
You die...
Kikubaaqudgha rasps: "You have failed me!
Welcome... death!"

#................#
#....[...........#
#................#
#................#
#................#
#..?..........>..#
#######.....$..........#
Y...rYrr................
..####♣WZ####..........
#ZZWW8ZZ..#..........
#ZZZZZZZ..#########))
#ZZZZZ....# #).
#..ZZ.....# #..
#...........# #####..
.......................
....8...>...8........>..
###...........# ######..


You could see 2 death yaks, a phantom, 2 shadows, 3 hell rats, 2 hobgoblin
zombies, 6 orc zombies, 4 ogre zombies, a two-headed ogre zombie, a troll
zombie, 3 goblin skeletons and 2 orc skeletons.

Vanquished Creatures
  A two-headed ogre (D:8)
  Prince Ribbit (D:6)
  Sigmund (D:2)
  Eustachio (D:4)
  A steam dragon (D:7)
  2 vampire mosquitoes (D:9)
  An acid dragon (D:8)
  3 orc warriors
  A black bear (D:7)
  2 ice beasts
  4 centaurs
  2 phantoms
  2 kobold brigands
  7 bullfrogs
  3 scorpions
  15 wights
  4 howler monkeys
  5 hounds
  2 orc priests (D:5)
  2 gnoll boudas
  Natasha (thrice) (D:4)
  2 iguanas
  2 sleepcaps
  Ijyb (D:4)
  10 orc wizards
  A hell rat (D:9)
  Robin (D:2)
  7 gnolls
  7 adders
  2 shadow imps
  4 white imps
  An ufetubus (D:5)
  5 dart slugs
  24 orcs
  5 bats
  9 endoplasms
  3 giant cockroaches
  13 goblins
  6 hobgoblins
  5 jackals
  6 quokkas
  15 ball pythons
  2 frilled lizards (D:3)
  A hobgoblin skeleton (D:9)
  A hobgoblin zombie (D:9)
  18 kobolds
  4 orc zombies (D:9)
  3 rats
221 creatures vanquished.

Vanquished Creatures (collateral kills)
  A water moccasin (D:7)
  A gnoll sergeant (D:7)
  An orc priest (D:9)
  An orc wizard (D:5)
  An ogre zombie (D:9)
  An adder (D:2)
  A gnoll (D:9)
  A dart slug (D:3)
  An orc (D:7)
  4 ball pythons
  3 goblins
  A quokka (D:9)
  A goblin skeleton (D:9)
  2 hobgoblin skeletons (D:9)
  2 kobolds (D:7)
  A rat (D:1)
23 creatures vanquished.

Vanquished Creatures (others)
  A vampire mosquito zombie (D:9)
  A centaur zombie (D:7)
  A bullfrog zombie (D:7)
  An orc (D:6)
  7 orc zombies
  20 plants (D:6)
31 creatures vanquished.

Grand Total: 275 creatures vanquished

Notes
Turn   | Place    | Note
-------+----------+-------------------------------------------
     0 | D:1      | MrClown the Demonspawn Necromancer began the quest for the
                  | Orb.
     0 | D:1      | Reached XP level 1. HP: 13/13 MP: 3/3
   241 | D:1      | Gained mutation: You regenerate magic rapidly. [demonic
                  | ancestry]
   241 | D:1      | Reached XP level 2. HP: 19/19 MP: 2/5
   568 | D:1      | Gained mutation: You are surrounded by a mild repulsion
                  | field. (EV +2) [demonic ancestry]
   568 | D:1      | Reached XP level 3. HP: 24/24 MP: 0/7
   815 | D:1      | Found a faded altar of an unknown god.
  1440 | D:2      | Noticed Sigmund
  1517 | D:2      | Learned a level 3 spell: Vampiric Draining
  1670 | D:2      | Reached XP level 4. HP: 30/30 MP: 6/10
  2099 | D:2      | Noticed Robin
  2107 | D:2      | Killed Robin
  2140 | D:2      | Killed Sigmund
  2141 | D:2      | Reached skill level 5 in Spellcasting
  2141 | D:2      | Reached skill level 5 in Necromancy
  2141 | D:2      | Gained mutation: You have a pair of small horns on your
                  | head. [demonic ancestry]
  2141 | D:2      | Reached XP level 5. HP: 13/35 MP: 5/12
  2141 | D:2      | Reached XP level 6. HP: 15/41 MP: 5/13
  2559 | D:3      | Upgraded the game from 0.30-a0-939-gc8157cb160 to
                  | 0.30-a0-946-gec5dcfc036
  2690 | D:3      | Found a runed translucent door.
  2690 | D:3      | Noticed Sermion's ghost (amateur HOFi)
  3317 | D:4      | Noticed Eustachio
  3325 | D:4      | Learned a level 4 spell: Animate Dead
  3331 | D:4      | Learned a level 5 spell: Agony
  3437 | D:4      | Noticed Ijyb
  3437 | D:4      | Noticed Natasha
  3443 | D:4      | Killed Ijyb
  3446 | D:4      | Killed Natasha
  3455 | D:4      | Killed Eustachio
  3456 | D:4      | Reached XP level 7. HP: 14/46 MP: 3/14
  3701 | D:4      | Noticed Natasha
  3706 | D:4      | Killed Natasha
  3808 | D:4      | Noticed Natasha
  3835 | D:4      | Killed Natasha
  3881 | D:5      | Entered Level 5 of the Dungeon
  3951 | D:5      | HP: 2/46 [something/magic dart (8)]
  4231 | D:5      | Reached skill level 1 in Fighting
  4369 | D:5      | Reached skill level 2 in Fighting
  4686 | D:6      | Noticed Prince Ribbit
  4696 | D:6      | Killed Prince Ribbit
  4697 | D:6      | Reached skill level 4 in Fighting
  4697 | D:6      | Gained mutation: You are partially covered in sharp spines.
                  | [demonic ancestry]
  4697 | D:6      | Reached XP level 8. HP: 60/60 MP: 2/15
  4761 | D:6      | Found a staircase to the Ecumenical Temple.
  4772 | Temple   | Entered the Ecumenical Temple
  4782 | Temple   | Became a worshipper of Kikubaaqudgha
  4829 | D:6      | Reached skill level 5 in Fighting
  4889 | D:6      | Reached skill level 6 in Fighting
  5010 | D:6      | Found a hide-covered altar of Uskayaw.
  5017 | D:6      | Reached skill level 7 in Fighting
  5524 | D:7      | Found a sacrificial altar of Ru.
  5589 | D:7      | Gained mutation: You have a pair of horns on your head.
                  | [demonic ancestry]
  5589 | D:7      | Reached XP level 9. HP: 71/74 MP: 9/16
  5604 | D:7      | Reached skill level 8 in Fighting
  5612 | D:7      | Reached * piety under Kikubaaqudgha
  5612 | D:7      | Received a gift from Kikubaaqudgha
  5624 | D:7      | Reached skill level 9 in Fighting
  5748 | D:7      | Reached skill level 10 in Fighting
  6231 | D:7      | Reached skill level 11 in Fighting
  6308 | D:8      | Found Ronarcha's Magic Scroll Emporium.
  6735 | D:8      | Reached ** piety under Kikubaaqudgha
  6736 | D:8      | Reached XP level 10. HP: 64/84 MP: 17/17
  6770 | D:8      | Noticed a two-headed ogre
  6781 | D:8      | Killed a two-headed ogre
  6782 | D:8      | Reached skill level 12 in Fighting
  7107 | D:9      | Found Zin's Purification Station.
  7313 | D:9      | Identified the +0 scale mail of the Carved God {rN+ Dex+6}
  7320 | D:9      | Found a staircase to the Orcish Mines.
  7331 | D:9      | Reached *** piety under Kikubaaqudgha
  7331 | D:9      | Received a gift from Kikubaaqudgha
  7341 | D:9      | Noticed a death yak
  7344 | D:9      | Reached skill level 13 in Fighting
  7344 | D:9      | Noticed a death yak
  7346 | D:9      | HP: 6/121 [shadow (4)]
  7349 | D:9      | Noticed a death yak
  7349 | D:9      | Slain by a hell rat

Illustrated notes

Levels and vault maps discovered:
D:1:      dpeg_arrival_ternary, layout_loops_corners,
          hellmonk_ecumenical_altar_crossroads, minmay_shallow_snake_nest
D:2:      layout_loops_ring, nrook_mini_backslash, minmay_snake_closets,
          uniq_robin, uniq_sigmund
D:3:      layout_basic, hellmonk_ghost_happy_afterlife
D:4:      layout_cave_pools, uniq_natasha, uniq_ijyb, uniq_eustachio
D:5:      layout_rooms, minmay_a_box_with_orc_wizards_in_it
D:6:      layout_rooms, kennysheep_mini_moat, temple_pool_b, wad_woods_river_04,
          uniq_prince_ribbit1
D:7:      cheibrodos_barr_body, layout_gridville,
          nicolae_ru_the_path_less_chosen, st_stairs_1
D:8:      layout_loops_ring, serial_shops, shop_scrolls
D:9:      layout_long_grid, zin_purify, dpeg_lair_monsters, zombieorc2_lemuel,
          uniq_erica
Temple:   hellmonk_temple_of_storms

Skill      XL: |  1  2  3  4  5  6  7  8  9 10 |
---------------+-------------------------------+-----
Spellcasting   | 3 4 5 |  5.0
Necromancy     | 5 7 9 |  9.0
Fighting       | 4 7 11 13 | 13.0
Dodging        | |  1.7
Stealth        | |  1.7

Action                     |  1- 3 |  4- 6 |  7- 9 | 10-12 || total
---------------------------+-------+-------+-------+-------++-------
  Melee: Unarmed           |     7 |       |       |       ||     7
         Dagger            |     1 |    17 |       |       ||    18
         Punch             |     1 |       |       |       ||     1
         War axe           |       |     7 |    39 |       ||    46
         Headbutt          |       |       |    18 |    12 ||    30
         Flail             |       |       |     8 |       ||     8
         Trident           |       |       |    74 |    11 ||    85
         Scimitar          |       |       |       |    47 ||    47
   Cast: Necrotise         |    68 |   104 |   115 |    21 ||   308
         Vampiric Draining |       |     7 |    37 |     8 ||    52
         Agony             |       |       |     1 |     1 ||     2
         Animate Dead      |       |       |     1 |     1 ||     2
  Evoke: Wand              |       |     5 |     5 |     3 ||    13
    Use: Scroll            |     2 |     4 |    12 |     1 ||    19
         Potion            |       |     1 |     5 |    11 ||    17
   Stab: Distracted        |       |     1 |       |       ||     1
 Armour: Robe              |     4 |    35 |    33 |    18 ||    90
         Skin              |       |       |       |    65 ||    65
  Dodge: Dodged            |    26 |    74 |   168 |    73 ||   341

Table legend: (Time is in decaauts)
 A = Elapsed time spent in this place.
 B = Non-inter-level travel time spent in this place.
 C = Inter-level travel time spent in this place.
 D = Time resting spent in this place.
 E = Time spent auto-exploring this place.
 F = Levels seen in this place.
 G = Mean time per level.
                   A        B        C        D        E       F      G
               +--------+--------+--------+--------+--------+-----+--------+
         Total |   7426 |   7154 |    272 |    142 |   5524 |  10 |  742.6 |
       Dungeon |   7405 |   7149 |    256 |    142 |   5524 |   9 |  822.8 |
        Temple |     20 |      4 |     16 |      0 |      0 |   1 |   20.0 |
               +--------+--------+--------+--------+--------+-----+--------+

Top non-repeatable levels by time:
     D:1: 1295 daAuts
     D:2: 1185 daAuts
     D:6: 860 daAuts
     D:7: 856 daAuts
     D:4: 774 daAuts
     D:5: 740 daAuts
     D:8: 673 daAuts
     D:3: 626 daAuts
     D:9: 392 daAuts
  Temple: 20 daAuts
